 Dungeon Crawl Stone Soup version 0.26.0-10-g1f06aea511 (webtiles) character file.

Game seed: 222910725239851987

914 Marvel the Slasher (level 7, -4/56 HPs)
             Began as a Demonspawn Abyssal Knight on Jan 14, 2021.
             Was a Priest of Lugonu.
             Slain by a sky beast (6 damage)
             ... on level 7 of the Dungeon.
             The game lasted 00:16:20 (6895 turns).

Marvel the Slasher (Demonspawn Abyssal Knight)      Turns: 6895, Time: 00:16:21

Health: -4/56      AC:  6    Str: 14    XL:     7   Next: 82%
Magic:  9/9        EV: 10    Int: 14    God:    Lugonu [***...]
Gold:   280        SH:  0    Dex: 12    Spells: 6/6 levels left

rFire    + . .     SeeInvis +   a - +2 falchion
rCold    . . .     Faith    +   (no shield)
rNeg     . . .     Spirit   .   g - +0 ring mail
rPois    .         Reflect  .   (helmet restricted)
rElec    .         Harm     .   (no cloak)
rCorr    .         Rampage  .   (no gloves)
Will     .....                  (no boots)
Stlth    +.........             h - amulet of faith
HPRegen  0.18/turn              w - ring of see invisible
MPRegen  0.11/turn              y - ring of protection from fire

@: mighty
A: antennae 2, sharp scales 1
a: Renounce Religion, Depart the Abyss, Bend Space, Banish


You were on level 7 of the Dungeon.
You worshipped Lugonu.
Lugonu was most pleased with you.
You visited 1 branch of the dungeon, and saw 7 of its levels.
You visited the Abyss 1 time.

You collected 280 gold pieces.

Inventory:

Hand Weapons
 a - a +2 falchion (weapon)
 l - a +0 flail of venom
 A - a +4 quarterstaff of chaos
Missiles
 x - 7 poisoned darts (quivered)
Armour
 b - a +0 leather armour
 g - a +0 ring mail (worn)
Jewellery
 h - an amulet of faith (around neck)
 o - an uncursed ring of ice
 w - a ring of see invisible (left hand)
 y - a ring of protection from fire (right hand)
Wands
 k - a wand of acid (2)
 q - a wand of random effects (35)
 v - a wand of flame (10)
Scrolls
 i - 2 scrolls of teleportation {unknown}
 n - a scroll of blinking
 t - 3 scrolls of amnesia
 u - 4 scrolls of remove curse {unknown}
Potions
 c - a potion of attraction {unknown}
 d - a potion of ambrosia {unknown}
 e - a potion of cancellation {unknown}
 f - a potion of curing
 j - a potion of lignification {unknown}
 m - a potion of haste {unknown}
 p - a potion of brilliance
 r - a potion of magic {unknown}
 z - a potion of resistance


   Skills:
 + Level 5.6 Fighting
 + Level 6.7 Long Blades
 - Level 1.0 Throwing
 - Level 2.2 Armour
 - Level 1.0 Dodging
 - Level 2.7 Invocations


You had 6 spell levels left.
You didn't know any spells.
Your spell library was empty.

Dungeon Overview and Level Annotations

Branches:
Dungeon (7/15)             Temple (0/1) D:5

Altars:
Dithmenos
Trog
Vehumet
Yredelemnul
The Shining One

Annotations:
D:2 Robin
D:5 2 transporters
D:7 Edmund


Innate Abilities, Weirdness & Mutations

You have a pair of antennae on your head.
You are partially covered in razor-sharp scales. (AC +1, Slay +1)


Message History

The sky beast closely misses you. Edmund barely misses you.
You riposte.
You closely miss Edmund.
Edmund is severely wounded.
You barely miss Edmund.
Edmund is severely wounded.
The sky beast closely misses you.
You slash Edmund!
Edmund is almost dead.
Edmund hits you with a +6 flail of protection.
* * * LOW HITPOINT WARNING * * *
The sky beast hits you.
* * * LOW HITPOINT WARNING * * *
The sky beast shocks you.
* * * LOW HITPOINT WARNING * * *
You hit Edmund.
Edmund is almost dead.
Edmund closely misses you. The sky beast hits you.
* * * LOW HITPOINT WARNING * * *
The sky beast shocks you.
You die...

##### #...#
##...##
#...@.#
#...@Y#
#...#....
....####.....
... .#.....
#. ######. #


You could see Edmund and a sky beast (invisible).

Vanquished Creatures
  A phantom (D:5)
  An ogre (D:4)
  A centaur (D:4)
  A water moccasin zombie (D:5)
  A scorpion (D:4)
  3 jellies (D:5)
  A bullfrog skeleton (D:4)
  An orc priest (D:3)
  Crazy Yiuf (D:5)
  A gnoll shaman (D:5)
  Jessica (D:3)
  Terence (D:1)
  Ijyb (D:3)
  A hound zombie (D:5)
  6 gnolls (D:5)
  5 adders
  2 white imps (D:5)
  2 oozes
  6 worms
  A leopard gecko (D:4)
  9 orcs (D:3)
  10 bats
  4 giant cockroaches
  14 goblins
  7 hobgoblins
  7 jackals
  A quokka (D:3)
  2 ball pythons
  5 frilled lizards
  14 kobolds
  11 rats
122 creatures vanquished.

Notes
Turn   | Place    | Note
-------+----------+-------------------------------------------
     0 | Abyss:1  | Marvel the Demonspawn Abyssal Knight began the quest for
                  | the Orb.
     0 | Abyss:1  | Reached XP level 1. HP: 18/18 MP: 2/2
   102 | Abyss:1  | Noticed a raiju
   103 | D:1      | Escaped the Abyss
   317 | D:1      | Reached * piety under Lugonu
   323 | D:1      | Gained mutation: You have a pair of small antennae on your
                  | head. [demonic ancestry]
   323 | D:1      | Reached XP level 2. HP: 16/24 MP: 3/3
   842 | D:1      | Reached skill level 2 in Long Blades
   964 | D:2      | Noticed Terence
  1097 | D:2      | Reached skill level 1 in Dodging
  1102 | D:2      | Reached XP level 3. HP: 12/29 MP: 4/4
  1780 | D:2      | Noticed Robin
  1841 | D:1      | Killed Terence
  1842 | D:1      | Gained mutation: You are partially covered in razor-sharp
                  | scales. (AC +1, Slay +1) [demonic ancestry]
  1842 | D:1      | Reached XP level 4. HP: 8/37 MP: 6/6
  2224 | D:2      | Reached skill level 3 in Long Blades
  2233 | D:2      | Found a radiant altar of Vehumet.
  2305 | D:2      | Reached ** piety under Lugonu
  2924 | D:3      | Reached XP level 5. HP: 30/42 MP: 7/7
  3380 | D:3      | Noticed Ijyb
  3400 | D:3      | Killed Ijyb
  3401 | D:3      | Reached skill level 4 in Long Blades
  3438 | D:3      | Noticed Jessica
  3451 | D:3      | Killed Jessica
  3863 | D:4      | Gained mutation: You have a pair of antennae on your head.
                  | [demonic ancestry]
  3863 | D:4      | Reached XP level 6. HP: 25/49 MP: 8/8
  4140 | D:4      | Reached skill level 5 in Long Blades
  4419 | D:4      | Found a shadowy altar of Dithmenos.
  4492 | D:4      | Reached *** piety under Lugonu
  4756 | D:5      | Entered Level 5 of the Dungeon
  4797 | D:5      | Reached skill level 5 in Fighting
  4797 | D:5      | Reached XP level 7. HP: 12/56 MP: 9/9
  5079 | D:5      | Reached skill level 6 in Long Blades
  5275 | D:5      | Found a transporter.
  5531 | D:5      | Reached skill level 1 in Throwing
  5645 | D:5      | Found a transporter.
  5967 | D:5      | Found a runed translucent door.
  5970 | D:5      | Noticed Crazy Yiuf
  5999 | D:5      | Found a bloodstained altar of Trog.
  6342 | D:5      | Found a glowing golden altar of the Shining One.
  6447 | D:5      | Found a staircase to the Ecumenical Temple.
  6551 | D:5      | Found a basalt altar of Yredelemnul.
  6557 | D:5      | Noticed an angel
  6643 | D:5      | Killed Crazy Yiuf
  6868 | D:6      | Noticed Edmund
  6895 | D:7      | HP: 2/56 [sky beast (3)]
  6895 | D:7      | Slain by a sky beast

Illustrated notes

Levels and vault maps discovered:
D:1:      eino_arrival_tree_alley, layout_basic, hex_intersection
D:2:      layout_loops_cross, vehumet_crystals, grunt_decor_mini_mirrors,
          uniq_terence, uniq_robin
D:3:      layout_loops_cross, uniq_ijyb, uniq_jessica
D:4:      layout_basic, general_overflow_altar, grunt_decor_one_mirror
D:5:      gammafunk_cloud_chamber, layout_loops_cross,
          grunt_temple_overflow_holy_war, minmay_temple_entry_statues_pillars,
          basic_altar, uniq_crazy_yiuf_cottage
D:6:      layout_basic, amethyst_overflow_temple_binary, st_stairs_12,
          supply_closet_lemuel, lemuel_altar_in_water, uniq_edmund,
          uniq_prince_ribbit1, uniq_maggie
D:7:      layout_layer_cave, overflow_temple_1_default, basic_altar, uniq_harold

Skill      XL: |  1  2  3  4  5  6  7 |
---------------+----------------------+-----
Armour         | 2 |  2.2
Long Blades    | 2 3 4 5 6 |  6.7
Dodging        | 1 |  1.0
Fighting       | 4 5 |  5.6
Throwing       | 1 |  1.0
Invocations    | |  2.7

Action                   |  1- 3 |  4- 6 |  7- 9 || total
-------------------------+-------+-------+-------++-------
Melee: Falchion          |    89 |   233 |   122 ||   444
Throw: Dart              |       |    11 |       ||    11
       Throwing net      |       |     1 |       ||     1
Invok: Depart the Abyss  |     1 |       |       ||     1
  Use: Scroll            |     3 |     6 |     1 ||    10
       Potion            |     1 |     1 |     1 ||     3
Armor: Leather armour    |    22 |       |       ||    22
       Ring mail         |    12 |   108 |    33 ||   153
Dodge: Dodged            |    70 |   148 |    53 ||   271
       Rpst.: Falchion   |    32 |    47 |    11 ||    90
